 Dungeon Crawl Stone Soup version 0.28.0-49-g6dfe1f597d (webtiles) character file.

Game seed: 5727046416663638443

6259 dolemite99 the Orthodox (level 10, -1/78 HPs)
             Began as a Pale Draconian Earth Elementalist on May 14, 2022.
             Was an Elder of Zin.
             Slain by an acid dragon (9 damage)
             ... on level 9 of the Dungeon.
             The game lasted 00:20:12 (14847 turns).

dolemite99 the Orthodox (DrEE)                     Turns: 14847, Time: 00:20:13

Health: -1/78      AC:  8    Str: 16    XL:     10   Next: 62%
Magic:  2/26       EV: 13    Int: 20    God:    Zin [****..]
Gold:   172        SH:  0    Dex: 15    Spells: 2/13 levels left

rFire   . . .      SeeInvis .   a - +6 mace "Toagegeu" {freeze, Str+3 Dex+3}
rCold   . . .      Faith    .   v - orb {light}
rNeg    . . .      Spirit   .   (armour unavailable)
rPois   .          Reflect  .   (helmet restricted)
rElec   .          Harm     .   K - +0 cloak
rCorr   .          Rampage  .   l - +1 pair of gloves {Str+3}
Will    .....                   n - +1 pair of boots
Stlth   +.........              o - amulet of the acrobat
HPRegen 0.23/turn               y - ring of magical power
MPRegen 0.20/turn               m - ring of flight

@: corroded, flying, very slightly contaminated, glowing
A: breathe steam, AC +7, unfitting armour, cold-blooded, steam resistance
a: Breathe Steam, Renounce Religion, Recite, Vitalisation, Imprison, Donate Gold


You were on level 9 of the Dungeon.
You worshipped Zin.
Zin was greatly pleased with you.
You visited 1 branch of the dungeon, and saw 9 of its levels.

You collected 466 gold pieces.
You donated 294 gold pieces to Zin.

Inventory:

Hand Weapons
 a - the +6 mace "Toagegeu" (weapon) {freeze, Str+3 Dex+3}
   (You found it on level 4 of the Dungeon)

   It freezes those it strikes, dealing additional cold damage.
   It can also slow down cold-blooded creatures.
   Str:       It affects your strength (+3).
   Dex:       It affects your dexterity (+3).
 b - a +0 mace
 f - the +4 flail of Mayhem {flame, Dex+3}
   (You found it on level 5 of the Dungeon)

   It burns those it strikes, dealing additional fire damage.
   Dex:       It affects your dexterity (+3).
 u - a +1 vorpal hunting sling
 w - a +0 short sword of freezing
 N - a +1 long sword of holy wrath
Missiles
 e - 91 bolts
 k - 67 sling bullets
 r - 16 poisoned darts
 L - 4 throwing nets
Armour
 l - a +1 pair of gloves of strength (worn)
 n - a +1 pair of boots (worn)
 v - an orb of light (worn)
 K - a +0 cloak (worn)
Magical Staves
 O - a staff of cold
Jewellery
 m - a ring of flight (right hand)
 o - an amulet of the acrobat (around neck)
 y - a ring of magical power (left hand)
 D - an amulet of regeneration
 E - a ring of see invisible
 Q - a ring of resist corrosion
Wands
 z - a wand of flame (55) (quivered)
 F - a wand of paralysis (3)
 I - a wand of acid (4)
 P - a wand of iceblast (5)
Scrolls
 c - a scroll of vulnerability
 d - 2 scrolls of teleportation
 h - 3 scrolls of fog {unknown}
 p - a scroll of fear
 q - 5 scrolls of identify {unknown}
 t - a scroll of noise {unknown}
 A - a scroll of acquirement
 G - a scroll of brand weapon {unknown}
 H - a scroll of enchant weapon {unknown}
 M - 2 scrolls of blinking
Potions
 g - a potion of brilliance {unknown}
 i - 2 potions of flight
 j - 2 potions of heal wounds {unknown}
 s - a potion of invisibility {unknown}
 x - 3 potions of lignification {unknown}
 B - a potion of berserk rage {unknown}
 C - 2 potions of mutation {unknown}
 J - a potion of attraction {unknown}


   Skills:
 - Level 3.9 Fighting
 - Level 3.8 Dodging
 - Level 1.7 Stealth
 - Level 2.0 Spellcasting
 - Level 8.0 Conjurations
 - Level 1.0 Transmutations
 * Level 4.3 Fire Magic
 - Level 4.6 Air Magic
 - Level 4.8 Earth Magic
 + Level 5.7 Poison Magic
 - Level 9.7 Invocations


You had 2 spell levels left.
You knew the following spells:

 Your Spells              Type           Power      Damage    Failure   Level
a - Stone Arrow           Conj/Erth      54%        3d10      3%          3
b - Sandblast             Erth           42%        2d11      2%          1
c - Poisonous Vapours     Pois/Air       44%        N/A       2%          2
d - Foxfire               Conj/Fire      100%       2x1d9     1%          1
e - Olgreb's Toxic Radia  Pois           24%        N/A       16%         4

Your spell library contained the following spells:

 Spells                   Type           Power      Damage    Failure   Level
 Sting                    Tmut/Pois      60%        1d6       4%          1
 Passwall                 Tmut/Erth      10%        N/A       7%          2
 Apportation              Tloc           4%         N/A       16%         1
 Pain                     Necr           8%         1d4       16%         1
 Blink                    Tloc           4%         N/A       24%         2
 Conjure Flame            Conj/Fire      26%        6-21      3%          3
 Ignite Poison            Fire/Tmut/Pois 16%        N/A       11%         3
 Flame Wave               Conj/Fire      26%        2d7       12%         4
 Sticky Flame             Conj/Fire      26%        2d5       12%         4
 Inner Flame              Hex/Fire       10%        N/A       21%         3
 Lesser Beckoning         Tloc           2%         N/A       43%         3
 Petrify                  Tmut/Erth      13%        N/A       43%         4
 Alistair's Intoxication  Tmut/Pois      10%        N/A       73%         5
 Agony                    Necr           2%         N/A       99%         5
 Excruciating Wounds      Necr           1%         N/A       99%         5
 Manifold Assault         Tloc           2%         N/A       99%         5


Dungeon Overview and Level Annotations

Branches:
Dungeon (9/15)             Temple (0/1) D:7
   Lair: D:8-11         Orc: D:9-12

Altars:
Fedhas
Zin

Shops:
D:6 ?   D:9 :

Annotations:
D:9 1 runed translucent door, Zeld's ghost, novice MiBe


Innate Abilities, Weirdness & Mutations

You can breathe blasts of scalding, opaque steam.
Your pale cyan-grey scales are hard. (AC +7)
You cannot fit into any form of body armour.
You are cold-blooded and may be slowed by cold attacks.
You are immune to the effects of steam.


Message History

The stone arrow hits the komodo dragon!
The komodo dragon is almost dead.
The komodo dragon bites you!!
Casting: Stone Arrow (dangerous; 3% risk of failure)
Confirm with . or Enter, or press ? or * to list all spells.
Aiming: Stone Arrow (dangerous; 3% risk of failure)
Press: ? - help, Shift-Dir - straight line, f/p - komodo dragon
Aim: a komodo dragon (almost dead, haloed, 86% to hit)
The stone arrow hits the komodo dragon!
You kill the komodo dragon!
The acid dragon closely misses you. The acid dragon claws you.
Your Fire Magic skill increases to level 4!
Casting: Stone Arrow (dangerous; 3% risk of failure)
Confirm with . or Enter, or press ? or * to list all spells.
Aiming: Stone Arrow (dangerous; 3% risk of failure)
Press: ? - help, Shift-Dir - straight line, f - acid dragon
Aim: an acid dragon (haloed, 81% to hit)
The stone arrow hits the acid dragon!!
The acid dragon is severely wounded.
The acid dragon spits acid at you. The splash of acid hits you!!
* * * LOW HITPOINT WARNING * * *
The acid corrodes you!
You hear an angry hiss. x2
Casting: Stone Arrow (dangerous; 3% risk of failure)
Confirm with . or Enter, or press ? or * to list all spells.
Aiming: Stone Arrow (dangerous; 3% risk of failure)
Press: ? - help, Shift-Dir - straight line, f/p - acid dragon
Aim: an acid dragon (severely wounded, catching its breath, haloed, 81% to hit)
The stone arrow hits the acid dragon!
The acid dragon is almost dead.
The acid dragon barely misses you.
The acid dragon claws you but does no damage.
Casting: Stone Arrow (dangerous; 3% risk of failure)
Confirm with . or Enter, or press ? or * to list all spells.
You don't have enough magic to cast this spell.
It was a potion of flight.
You feel more buoyant. The acid dragon bites you!
You die...

.....# #.#
#....#.#............ .#.###
#.#####..<.#.#.##..#.####.
.#.#
#.........................
.#.#
###.........##..............
...#
#...^.......####.##..#.###..
#### ############# #########
### # ###########
#.#.###.........##
###...†@...###....## #
.......D...## ####..#####
)...?#.###.# ###...##
....#.# ### ####.. ..# ##
### . ##### ######### #####
### ## #...###.#...#.# #.#.#
#.# #.


You could see an acid dragon (catching breath).

Vanquished Creatures
  Harold (D:7)
  Maurice (D:8)
  2 komodo dragons (D:9)
  Psyche (D:8)
  A wyvern (D:9)
  2 basilisks (D:9)
  3 steam dragons
  Duvessa (D:5)
  A hornet zombie (D:7)
  3 orc warriors
  3 ice beasts (D:6)
  2 sky beasts
  A black bear (D:4)
  2 ogres (D:6)
  5 centaurs
  A bullfrog (D:8)
  A scorpion (D:6)
  A wyvern skeleton (D:6)
  3 water moccasin skeletons
  Dowan (D:5)
  5 killer bees (D:9)
  10 wights
  3 howler monkeys (D:9)
  2 jellies (D:7)
  A bullfrog zombie (D:7)
  A centaur zombie (D:6)
  2 orc priests
  Crazy Yiuf (D:7)
  A centaur skeleton (D:6)
  2 hounds (D:5)
  3 bullfrog skeletons
  A gnoll shaman (D:7)
  6 iguanas
  6 orc wizards
  2 killer bee zombies
  A hound skeleton (D:4)
  A howler monkey zombie (D:9)
  7 gnolls
  8 adders
  A shadow imp (D:6)
  A white imp (D:7)
  2 ufetubi
  2 worms (D:2)
  3 dart slugs
  16 orcs
  3 ball pythons
  4 endoplasms
  2 giant cockroaches
  12 goblins
  6 hobgoblins
  5 jackals
  3 quokkas
  6 bats
  4 frilled lizards
  6 kobolds
  2 rats
177 creatures vanquished.

Vanquished Creatures (others)
  14 foxfires (D:9)
  3 plants (D:4)
17 creatures vanquished.

Grand Total: 194 creatures vanquished

Notes
Turn   | Place    | Note
-------+----------+-------------------------------------------
     0 | D:1      | dolemite99 the Draconian Earth Elementalist began the quest
                  | for the Orb.
     0 | D:1      | Reached XP level 1. HP: 14/14 MP: 3/3
   586 | D:1      | Reached XP level 2. HP: 16/20 MP: 0/5
  1328 | D:1      | Reached XP level 3. HP: 26/26 MP: 2/6
  1804 | D:2      | Found a glowing silver altar of Zin.
  1847 | D:2      | Became a worshipper of Zin the Law-Giver
  2175 | D:2      | Reached * piety under Zin
  2689 | D:2      | Learned a level 3 spell: Stone Arrow
  2924 | D:3      | Reached XP level 4. HP: 26/33 MP: 7/7
  3053 | D:3      | Reached skill level 1 in Conjurations
  3263 | D:3      | Learned a level 1 spell: Sandblast
  3400 | D:4      | Noticed a steam dragon
  3410 | D:4      | Killed a steam dragon
  3411 | D:4      | Reached XP level 5. HP: 19/38 MP: 0/8
  3848 | D:4      | Identified the +6 mace "Toagegeu" {freeze, Str+3 Dex+3}
  3851 | D:4      | Donated 68 gold pieces to Zin
  3852 | D:4      | Donated 34 gold pieces to Zin
  3853 | D:4      | Donated 17 gold pieces to Zin
  4042 | D:4      | Reached skill level 1 in Invocations
  4136 | D:4      | Reached XP level 6. HP: 29/45 MP: 0/9
  4564 | D:4      | Reached ** piety under Zin
  4579 | D:4      | Reached skill level 2 in Invocations
  5418 | D:4      | Reached skill level 5 in Conjurations
  5418 | D:4      | Reached skill level 3 in Invocations
  5746 | D:5      | Entered Level 5 of the Dungeon
  5753 | D:5      | Noticed a sky beast
  5757 | D:5      | Killed a sky beast
  5758 | D:5      | Your scales start taking on a pale cyan-grey colour.
  5758 | D:5      | Reached XP level 7. HP: 50/50 MP: 0/10
  5758 | D:5      | Gained mutation: You are immune to the effects of steam.
                  | [Pale Draconian growth]
  5970 | D:5      | Donated 27 gold pieces to Zin
  6002 | D:5      | Reached skill level 4 in Invocations
  6429 | D:5      | Identified the +4 flail of Mayhem {flame, Dex+3}
  6611 | D:5      | Reached skill level 5 in Invocations
  7006 | D:5      | Noticed Dowan
  7149 | D:5      | Noticed Duvessa
  7161 | D:5      | Killed Duvessa
  7172 | D:5      | Killed Dowan
  7173 | D:5      | Reached XP level 8. HP: 21/57 MP: 7/12
  7759 | D:6      | Reached skill level 6 in Invocations
  8205 | D:6      | Found Icydeez's Magic Scroll Shop.
  8207 | D:6      | Reached skill level 7 in Invocations
  8290 | D:6      | Learned a level 2 spell: Poisonous Vapours
  8519 | D:6      | Reached skill level 1 in Air Magic
  8659 | D:6      | Reached XP level 9. HP: 62/62 MP: 14/14
  9175 | D:7      | Found a staircase to the Ecumenical Temple.
  9293 | D:7      | Reached skill level 8 in Invocations
  9576 | D:7      | Reached *** piety under Zin
  9727 | D:7      | Reached skill level 1 in Poison Magic
 10151 | D:7      | Found a runed translucent door.
 10152 | D:7      | Noticed Crazy Yiuf
 10160 | D:7      | Killed Crazy Yiuf
 10327 | D:7      | Noticed Harold
 10337 | D:7      | Killed Harold
 10338 | D:7      | Reached skill level 9 in Invocations
 10650 | D:7      | Learned a level 4 spell: Olgreb's Toxic Radiance
 10854 | D:7      | Reached skill level 1 in Fighting
 11637 | D:8      | Noticed Maurice
 11652 | D:8      | Killed Maurice
 11755 | D:8      | Reached XP level 10. HP: 73/73 MP: 17/17
 12251 | D:8      | Identified a scroll of acquirement
 12251 | D:8      | Acquired a book of Flames
 12796 | D:8      | Noticed Psyche
 12800 | D:8      | Killed Psyche
 12800 | D:8      | Reached **** piety under Zin
 12897 | D:9      | Found a flagged portal.
 13206 | D:8      | Donated 102 gold pieces to Zin
 13287 | D:9      | Found Jaregaq's Book Boutique.
 13300 | D:9      | Learned a level 1 spell: Foxfire
 13343 | D:9      | Reached skill level 1 in Fire Magic
 13346 | D:9      | Reached skill level 5 in Poison Magic
 13575 | D:9      | Found a blossoming altar of Fedhas.
 13644 | D:9      | Found a runed translucent door.
 13646 | D:9      | Noticed Zeld's ghost (novice MiBe)
 14847 | D:9      | Slain by an acid dragon

Illustrated notes

Levels and vault maps discovered:
D:1:      lemuel_arrival_rhombus, layout_basic
D:2:      layout_rooms, basic_altar
D:3:      layout_rooms
D:4:      layout_loops_corners, hex_large, serial_bayou_pond_a
D:5:      layout_basic, kennysheep_generic_room_10, uniq_duvessa
D:6:      layout_basic, hex_intersection, kennysheep_small_circle
D:7:      layout_cave_pools, minmay_temple_entry_drinking_statues,
          minmay_liquid_box, uniq_crazy_yiuf_cottage, uniq_harold
D:8:      layout_loops_cross, minmay_door_square, uniq_maurice, uniq_psyche
D:9:      layout_basic, old_standard_altar, erik_lair_dragon, enter_bailey_5,
          hellmonk_ghost_happy_afterlife, serial_shops, shop

Skill      XL: |  1  2  3  4  5  6  7  8  9 10 |
---------------+-------------------------------+-----
Earth Magic    | 4 |  4.8
Conjurations   | 3 4 5 6 8 |  8.0
Invocations    | 1 3 5 7 9 |  9.7
Air Magic      | 2 4 |  4.6
Poison Magic   | 3 5 |  5.7
Fighting       | 2 3 |  3.9
Dodging        | 2 3 |  3.8
Fire Magic     | 4 |  4.3
Stealth        | |  1.7
Spellcasting   | |  2.0
Transmutations | |  1.0

Action                   |  1- 3 |  4- 6 |  7- 9 | 10-12 || total
-------------------------+-------+-------+-------+-------++-------
Melee: Unarmed           |    25 |       |       |       ||    25
       Tailslap          |     2 |       |     3 |     9 ||    14
       Mace              |     1 |     2 |    38 |    29 ||    70
 Fire: Hunting sling     |    12 |    21 |       |       ||    33
 Cast: Sandblast         |    54 |    62 |    69 |    27 ||   212
       Stone Arrow       |       |     7 |    53 |    37 ||    97
       Poisonous Vapours |       |       |    10 |       ||    10
       Foxfire           |       |       |       |     9 ||     9
       Olgreb's Toxic Ra |       |       |       |     2 ||     2
Invok: Donate Gold       |       |     3 |     1 |     1 ||     5
       Recite            |       |       |     3 |     3 ||     6
       Vitalisation      |       |       |       |     1 ||     1
 Abil: Breathe Steam     |       |       |     9 |     3 ||    12
Evoke: Wand              |       |       |    14 |    11 ||    25
  Use: Scroll            |       |     1 |     6 |     2 ||     9
       Potion            |       |       |       |     3 ||     3
Armor: Skin              |    30 |    24 |    63 |    36 ||   153
Dodge: Dodged            |    63 |    42 |   100 |    82 ||   287
